 Dungeon Crawl Stone Soup version 0.20-a0-470-gbb038bd (webtiles) character file.

26 Amnesiac the Vexing (level 2, -1/19 HPs)
             Began as a Mummy Enchanter on Jan 13, 2017.
             Slain by DEFE's ghost (5 damage)
             ... on level 4 of the Dungeon.
             The game lasted 00:02:46 (740 turns).

Amnesiac the Vexing (Mummy Enchanter)                Turns: 740, Time: 00:02:47

Health: -1/19      AC:  8    Str: 11    XL:     2   Next: 89%
Magic:  4/6        EV: 10    Int: 14    God:
Gold:   61         SH:  0    Dex: 12    Spells: 6/7 levels left

rFire  x . .     SeeInvis .     a - +1 dagger
rCold  + . .     Gourm    .     b - +0 robe
rNeg   + + +     Faith    .     (no shield)
rPois  ∞         Spirit   .     (no helmet)
rElec  .         Reflect  .     f - +1 cloak
rCorr  .         Harm     .     (no gloves)
MR     .....                    (no boots)
Stlth  ++........               (no amulet)
                                g - -2 ring of evasion (curse)
                                e - +4 ring of protection

@: no status effects
A: no food or potions, fire vulnerability, cold resistance 1, negative energy
resistance 3, torment resistance, unbreathing
a: no special abilities


You were on level 4 of the Dungeon.
You were not hungry.

You visited 1 branch of the dungeon, and saw 4 of its levels.

You collected 61 gold pieces.

Inventory:

Hand Weapons
 a - a +1 dagger (weapon)
Armour
 b - a +0 robe (worn)
 f - a +1 cloak (worn)
Jewellery
 e - a +4 ring of protection (left hand)
 g - a cursed -2 ring of evasion (right hand)
Scrolls
 d - a scroll of blinking
 i - 2 scrolls of remove curse {unknown}
Books
 c - a book of Maledictions

   Spells                             Type                      Level
   a - Corona                         Hexes                        1
   b - Ensorcelled Hibernation        Hexes/Ice                    2
   c - Confuse                        Hexes                        3
   d - Tukima's Dance                 Hexes                        3
   e - Dazzling Spray                 Conjuration/Hexes            3


   Skills:
 - Level 0.7 Short Blades
 - Level 1.5 Dodging
 - Level 2.4 Stealth
 + Level 3.2 Spellcasting
 * Level 3.4 Hexes


You had 6 spell levels left.
You knew the following spells:

 Your Spells              Type           Power        Failure   Level  Hunger
f - Corona                Hex            ##.....      6%          1    N/A

Dungeon Overview and Level Annotations

Branches:
Dungeon (4/15)
 Temple: D:4-7

Altars:
Kikubaaqudgha

Shops:
D:4 [

Annotations:
D:4 DEFE's ghost, amateur DEGl


Innate Abilities, Weirdness & Mutations

You do not eat or drink.
Your flesh is vulnerable to fire.
You are immune to poison.
Your flesh is cold resistant. (rC+)
You are immune to negative energy. (rN+++)
You are immune to unholy pain and torment.
You can survive without breathing.


Message History

Casting: Corona
Confirm with . or Enter, or press ? or * to list all spells.
Aiming: Corona
Press: ? - help, Shift-Dir - straight line, f/p - DEFE's ghost
Aim: DEFE's ghost (chance to defeat MR: 31%) DEFE's ghost is outlined in light.
DEFE's ghost hits you but does no damage.
You barely miss DEFE's ghost. DEFE's ghost hits you.
You barely miss DEFE's ghost. DEFE's ghost hits you.
You closely miss DEFE's ghost. You miss DEFE's ghost.
DEFE's ghost closely misses you.
You miss DEFE's ghost.
DEFE's ghost hits you but does no damage.
You hit DEFE's ghost but do no damage. DEFE's ghost hits you.
You miss DEFE's ghost. DEFE's ghost hits you.
* * * LOW HITPOINT WARNING * * *
DEFE's ghost stops glowing.
DEFE's ghost says, "Do you think the gods will protect you?"
DEFE's ghost hits you.
You die...

##...######
#.........
###...###..
#.....#
#.#...#
#.#..## #.#..#
#####....#
#..>@W...#####
#.####......(.
#.# #.#######
#.# #.# #.#
#.# .# #w# #.#
#!# #.# #.#
#.# #.#
#.#######.#
#.#
#.......#.# ..


You could see DEFE's ghost.

Vanquished Creatures
  A hound skeleton (D:4)
  2 dart slugs
  2 orcs (D:4)
  A quokka (D:4)
  2 bats (D:1)
  2 rats
10 creatures vanquished.

Notes
Turn   | Place    | Note
-------+----------+-------------------------------------------
     0 | D:1      | Amnesiac the Mummy Enchanter began the quest for the Orb.
     0 | D:1      | Reached XP level 1. HP: 13/13 MP: 4/4
   215 | D:4      | Found an ancient bone altar of Kikubaaqudgha.
   288 | D:4      | Noticed DEFE's ghost (amateur DEGl)
   307 | D:4      | Reached XP level 2. HP: 17/19 MP: 3/6
   551 | D:4      | Noticed a howler monkey
   591 | D:4      | Found Ytosuox's Antique Armour Emporium.
   740 | D:4      | Slain by DEFE's ghost

Vault maps used:
D:1:      elethiomel_arrival_quiet, serial_forest, infiniplex_forest_end_3,
          infiniplex_forest_3_way, infiniplex_forest_clump_C,
          infiniplex_forest_end_3, infiniplex_forest_clump_small,
          infiniplex_forest_straight_1, infiniplex_forest_lined_2
D:2:      hex_large, serial_bayou_pond_b, minmay_tiny_reverse_x
D:3:      makhleb_heckhound_becter, first_bread
D:4:      lemuel_coloured_pillars_altar, kiku_gazebo_pond_becter, serial_shops,
          shop, shop, shop, shop, shop

Skill      XL: |  1 |
---------------+----+-----
Hexes          | 3 |  3.4
Spellcasting   | 3 |  3.2
Short Blades   | |  0.7
Dodging        | |  1.5
Stealth        | |  2.4

Action                   || total
-------------------------++-------
Melee: Dagger            ||    45
 Cast: Corona            ||    14
  Use: Scroll            ||     4
 Stab: Sleeping          ||     1
Armor: Robe              ||    18
Dodge: Dodged            ||    36
